 Dungeon Crawl Stone Soup version 0.23.2-11-gf996548c65 (webtiles) character file.

Game seed: 1135302641627096180

3017 havocjr2 the Blocker (level 9, 0/74 HPs)
             Began as a Gnoll Fighter on June 5, 2019.
             Was a Believer of Qazlal.
             Slain by a troll (8 damage)
             ... on level 8 of the Dungeon.
             The game lasted 00:47:22 (6842 turns).

havocjr2 the Blocker (Gnoll Fighter)                Turns: 6842, Time: 00:47:24

Health: 0/74       AC: 11    Str: 20      XL:     9   Next: 85%
Magic:  15/15      EV: 13    Int: 12      God:    Qazlal [**....]
Gold:   391        SH:  9    Dex: 14 (15) Spells: 17/17 levels left

rFire    . . .     SeeInvis .   a - +2 war axe
rCold    . . .     Gourm    .   z - +0 buckler
rNeg     . . .     Faith    .   l - +1 ring mail {rPois}
rPois    +         Spirit   .   o - +0 helmet
rElec    .         Reflect  .   y - +0 cloak
rCorr    .         Harm     .   k - +0 pair of gloves
MR       .....                  (no boots)
Stlth    ++........             (no amulet)
HPRegen  0.22/turn              (no ring)
MPRegen  0.14/turn              (no ring)

@: no status effects
A: distributed training, fangs 1, strong nose
a: Upheaval, Renounce Religion


You were on level 8 of the Dungeon.
You worshipped Qazlal.
Qazlal was pleased with you.
You were hungry.

You visited 1 branch of the dungeon, and saw 8 of its levels.

You collected 391 gold pieces.

Inventory:

Hand Weapons
 a - a +2 war axe (weapon)
 A - a +1 hand axe of flaming
Missiles
 e - 230 stones (quivered)
 w - 3 needles of confusion
Armour
 b - a +0 scale mail
 c - a +0 shield
 k - a +0 pair of gloves (worn)
 l - a +1 ring mail of poison resistance (worn)
 o - a +0 helmet (worn)
 y - a +0 cloak (worn)
 z - a +0 buckler (worn)
 G - a +0 plate armour
 J - a +0 large shield
Wands
 g - a wand of disintegration (13)
 i - a wand of enslavement (14)
 q - a wand of paralysis (6)
 x - a wand of acid (5)
Scrolls
 p - 3 scrolls of remove curse
 r - 3 scrolls of identify
 D - a scroll of teleportation
 E - a scroll of amnesia {unknown}
 F - a scroll of fog
 H - a scroll of random uselessness {unknown}
 I - a scroll of immolation
Potions
 d - a potion of might
 h - 3 potions of curing
 j - 4 potions of brilliance
 m - a potion of invisibility {unknown}
 n - 4 potions of flight {unknown}
 s - 3 potions of haste
 t - a potion of heal wounds {unknown}
 u - a potion of berserk rage {unknown}
 v - a potion of agility {unknown}
 B - 2 potions of mutation {unknown}
 C - a potion of degeneration {unknown}
Comestibles
 f - 12 rations
 K - 3 chunks of flesh


   Skills:
 + Level 8.0 Fighting
 + Level 4.5 Short Blades
 + Level 4.5 Long Blades
 + Level 6.5 Axes
 + Level 4.5 Maces & Flails
 + Level 4.5 Polearms
 + Level 4.5 Staves
 + Level 4.5 Slings
 + Level 4.5 Bows
 + Level 4.5 Crossbows
 + Level 4.5 Throwing
 + Level 8.0 Armour
 + Level 4.5 Dodging
 + Level 4.5 Stealth
 + Level 8.0 Shields
 + Level 4.5 Unarmed Combat
 + Level 4.5 Spellcasting
 + Level 3.7 Conjurations
 + Level 3.7 Hexes
 + Level 3.7 Charms
 + Level 3.7 Summonings
 + Level 3.7 Necromancy
 + Level 3.7 Translocations
 + Level 3.7 Transmutations
 + Level 3.7 Fire Magic
 + Level 3.7 Ice Magic
 + Level 3.7 Air Magic
 + Level 3.7 Earth Magic
 + Level 3.7 Poison Magic
 + Level 5.0 Invocations
 + Level 4.5 Evocations


You had 17 spell levels left.
You didn't know any spells.
Your spell library contained the following spells:

 Spells                   Type           Power        Failure   Level  Hunger
 Animate Skeleton         Necr           N/A          7%          1    None
 Pain                     Necr           ##..         7%          1    None
 Regeneration             Chrm/Necr      ##........   22%         3    ###....
 Vampiric Draining        Necr           ##........   22%         3    ###....
 Animate Dead             Necr           N/A          56%         4    ####...


Dungeon Overview and Level Annotations

Branches:
Dungeon (8/15)             Temple (0/1) D:7
   Lair: D:8-11

Altars:
Ashenzari
Cheibriados
Fedhas
Nemelex Xobeh
Okawaru
Qazlal
Trog
Uskayaw
Xom
Zin
The Shining One
Beogh

Shops:
D:7 (

Annotations:
D:6 3 runed translucent doors, shugdite's ghost, novice MiMo


Innate Abilities, Weirdness & Mutations

Your experience applies equally to all skills.
You have very sharp teeth.
Your uncanny sense of smell can sniff out nearby items.


Message History

You hear a shout!
A troll comes into view.
You block the troll's attack. The troll misses you. The troll claws you.
You closely miss the troll. The troll closely misses you.
The troll claws you but does no damage. The troll barely misses you.
You barely miss the troll. The troll bites you but does no damage.
The troll barely misses you. The troll misses you.
You slash the troll!
The troll is moderately wounded.
You closely miss the troll.
You hear a howl!
The troll closely misses you. The troll claws you!
* * * LOW HITPOINT WARNING * * *
The troll claws you but does no damage.
A wolf comes into view.
You block the troll's attack. The troll misses you.
The troll claws you but does no damage. The troll bites you!
* * * LOW HITPOINT WARNING * * *
The troll barely misses you. The troll claws you!
You die...

##.##......##.#####
#...#........)....#
########(.(#..#.#....#.###
#...).(.>.(............#
#.######..#####...#..###
............#....#..#
########...##.......# ∆
+...########## #§@°# #TT†#
#>(.# #((.# ∆ #.(.# h.(.#
.....# .....# ...####


You could see 2 trolls and a wolf.

Vanquished Creatures
  Pikel (D:4)
  A hippogriff (D:8)
  An orc warrior (D:5)
  4 ice beasts
  2 slaves (D:4)
  A sky beast (D:6)
  A phantom (D:6)
  A wolf (D:8)
  3 centaurs
  A bullfrog (D:7)
  A scorpion (D:5)
  A jelly (D:6)
  2 crimson imps (D:6)
  10 orc wizards
  A quasit (D:8)
  A centaur skeleton (D:4)
  5 hounds
  A bullfrog skeleton (D:4)
  A gnoll shaman (D:6)
  4 orc priests
  An iron imp (D:6)
  An iguana (D:5)
  2 worker ants
  2 hound skeletons
  13 adders
  12 gnolls
  A shadow imp (D:5)
  An adder skeleton (D:4)
  2 worms
  2 dart slugs
  3 leopard geckos
  44 orcs
  3 giant cockroaches
  11 hobgoblins
  7 jackals
  4 quokkas
  2 ball pythons
  6 bats
  5 frilled lizards
  7 goblins
  A goblin skeleton (D:6)
  3 goblin zombies (D:6)
  2 hobgoblin zombies (D:6)
  3 kobolds
  A kobold skeleton (D:6)
  2 kobold zombies (D:6)
  A leopard gecko skeleton (D:4)
  An orc zombie (D:6)
  10 rats
196 creatures vanquished.

Vanquished Creatures (others)
  2 orcs
2 creatures vanquished.

Grand Total: 198 creatures vanquished

Notes
Turn   | Place    | Note
-------+----------+-------------------------------------------
     0 | D:1      | havocjr2 the Gnoll Fighter began the quest for the Orb.
     0 | D:1      | Reached XP level 1. HP: 23/23 MP: 1/1
    83 | D:1      | Reached XP level 2. HP: 29/29 MP: 2/2
   415 | D:1      | Reached XP level 3. HP: 35/35 MP: 3/3
  1008 | D:2      | Reached skill level 1 in Invocations
  1009 | D:2      | Reached skill level 1 in Short Blades
  1009 | D:2      | Reached skill level 1 in Long Blades
  1009 | D:2      | Reached skill level 1 in Maces & Flails
  1009 | D:2      | Reached skill level 1 in Polearms
  1009 | D:2      | Reached skill level 1 in Staves
  1009 | D:2      | Reached skill level 1 in Slings
  1009 | D:2      | Reached skill level 1 in Bows
  1009 | D:2      | Reached skill level 1 in Crossbows
  1009 | D:2      | Reached skill level 1 in Throwing
  1009 | D:2      | Reached skill level 1 in Dodging
  1009 | D:2      | Reached skill level 1 in Stealth
  1009 | D:2      | Reached skill level 1 in Unarmed Combat
  1009 | D:2      | Reached skill level 1 in Spellcasting
  1009 | D:2      | Reached skill level 1 in Evocations
  1015 | D:2      | Reached XP level 4. HP: 23/41 MP: 5/5
  1499 | D:2      | Reached skill level 1 in Conjurations
  1499 | D:2      | Reached skill level 1 in Hexes
  1499 | D:2      | Reached skill level 1 in Charms
  1499 | D:2      | Reached skill level 1 in Summonings
  1499 | D:2      | Reached skill level 1 in Necromancy
  1499 | D:2      | Reached skill level 1 in Translocations
  1499 | D:2      | Reached skill level 1 in Transmutations
  1499 | D:2      | Reached skill level 1 in Fire Magic
  1499 | D:2      | Reached skill level 1 in Ice Magic
  1499 | D:2      | Reached skill level 1 in Air Magic
  1499 | D:2      | Reached skill level 1 in Earth Magic
  1499 | D:2      | Reached skill level 1 in Poison Magic
  1862 | D:3      | Found an iron altar of Okawaru.
  1942 | D:3      | Reached XP level 5. HP: 46/47 MP: 6/6
  2030 | D:3      | Reached XP level 6. HP: 20/53 MP: 8/8
  2662 | D:4      | Reached skill level 5 in Axes
  3177 | D:4      | Reached XP level 7. HP: 59/59 MP: 10/10
  3253 | D:4      | Found a glowing drain.
  3282 | D:4      | Found a stormy altar of Qazlal.
  3288 | D:4      | Found a blossoming altar of Fedhas.
  3290 | D:4      | Became a worshipper of Qazlal Stormbringer
  3432 | D:4      | Found a bloodstained altar of Trog.
  3433 | D:4      | Found a shattered altar of Ashenzari.
  3435 | D:4      | Found a hide-covered altar of Uskayaw.
  3436 | D:4      | Noticed Pikel
  3474 | D:4      | Killed Pikel
  3474 | D:4      | Reached XP level 8. HP: 23/67 MP: 10/12
  3903 | D:5      | Entered Level 5 of the Dungeon
  3925 | D:5      | Found a sparkling altar of Nemelex Xobeh.
  4286 | D:5      | Reached * piety under Qazlal
  4514 | D:5      | Found a snail-covered altar of Cheibriados.
  4915 | D:6      | Found a glowing golden altar of the Shining One.
  4930 | D:6      | Reached XP level 9. HP: 71/72 MP: 14/14
  5038 | D:6      | Found a stormy altar of Qazlal.
  5111 | D:6      | Found a runed translucent gate.
  5112 | D:6      | Found a runed translucent gate.
  5112 | D:6      | Noticed shugdite's ghost (novice MiMo)
  5113 | D:6      | Found a runed translucent gate.
  5119 | D:6      | Identified the +5 war axe "Kunnaxt" {pain, *Slow +Rage
                  | Int+4}
  5134 | D:6      | Found a roughly hewn altar of Beogh.
  5365 | D:6      | Reached ** piety under Qazlal
  5920 | D:7      | Noticed an angel
  5921 | D:7      | Found a shimmering altar of Xom.
  5921 | D:7      | Found a glowing silver altar of Zin.
  6124 | D:7      | Found Isomed's Weapon Boutique.
  6177 | D:7      | Found a staircase to the Ecumenical Temple.
  6828 | D:8      | Reached skill level 5 in Invocations
  6835 | D:8      | Noticed a troll
  6837 | D:8      | Noticed a troll
  6842 | D:8      | Slain by a troll

Skill      XL: |  1  2  3  4  5  6  7  8  9 |
---------------+----------------------------+-----
Invocations    | 1 2 3 4 5 |  5.0
Short Blades   | 1 2 3 4 |  4.5
Long Blades    | 1 2 3 4 |  4.5
Maces & Flails | 1 2 3 4 |  4.5
Polearms       | 1 2 3 4 |  4.5
Staves         | 1 2 3 4 |  4.5
Slings         | 1 2 3 4 |  4.5
Bows           | 1 2 3 4 |  4.5
Crossbows      | 1 2 3 4 |  4.5
Throwing       | 1 2 3 4 |  4.5
Dodging        | 1 2 3 4 |  4.5
Stealth        | 1 2 3 4 |  4.5
Unarmed Combat | 1 2 3 4 |  4.5
Spellcasting   | 1 2 3 4 |  4.5
Evocations     | 1 2 3 4 |  4.5
Conjurations   | 1 2 3 |  3.7
Hexes          | 1 2 3 |  3.7
Charms         | 1 2 3 |  3.7
Summonings     | 1 2 3 |  3.7
Necromancy     | 1 2 3 |  3.7
Translocations | 1 2 3 |  3.7
Transmutations | 1 2 3 |  3.7
Fire Magic     | 1 2 3 |  3.7
Ice Magic      | 1 2 3 |  3.7
Air Magic      | 1 2 3 |  3.7
Earth Magic    | 1 2 3 |  3.7
Poison Magic   | 1 2 3 |  3.7
Axes           | 5 6 |  6.5
Fighting       | 7 8 |  8.0
Armour         | 7 8 |  8.0
Shields        | 7 8 |  8.0

Action                   |  1- 3 |  4- 6 |  7- 9 || total
-------------------------+-------+-------+-------++-------
Melee: War axe           |    90 |   155 |   284 ||   529
       Bite              |    14 |    15 |    32 ||    61
Throw: Stone             |    50 |    59 |    76 ||   185
       Tomahawk          |       |       |    12 ||    12
Evoke: Wand              |       |     2 |     3 ||     5
  Use: Scroll            |     2 |     2 |     6 ||    10
       Potion            |     1 |     2 |       ||     3
 Stab: Sleeping          |       |       |     1 ||     1
  Eat: Chunk             |       |     7 |    12 ||    19
Armor: Scale mail        |    33 |    77 |    21 ||   131
       Ring mail         |       |       |   105 ||   105
Dodge: Dodged            |    41 |    47 |   188 ||   276
Block: Shield            |    60 |    80 |    39 ||   179
       Buckler           |       |       |   105 ||   105
